 Dungeon Crawl Stone Soup version 0.19-a0-1216-g363869b (webtiles) character file.

1173 Ijustatesigmund the Sneak (level 8, -4/48 HPs)
             Began as an Octopode Wizard on Aug 22, 2016.
             Was a Believer of Cheibriados.
             Slain by zkyp's ghost (17 damage)
             ... on level 6 of the Dungeon on Aug 23, 2016.
             The game lasted 00:27:21 (6276 turns).

Ijustatesigmund the Sneak (Octopode Wizard)         Turns: 6276, Time: 00:27:22

Health: -4/48      AC:  3    Str: 10    XL:     8   Next: 41%
Magic:  2/21       EV: 15    Int: 28    God:    Cheibriados [**....]
Gold:   203        SH:  0    Dex: 16    Spells: 5 memorised, 2 levels left

rFire  . . .     SeeInvis .     d - +1 dagger
rCold  . . .     Gourm    .     (no shield)
rNeg   . . .     Faith    .     a - +2 hat
rPois  .         Spirit   .     (no amulet)
rElec  .         Dismiss  .     j - ring of magical power
rCorr  .         Reflect  .     h - +3 ring of intelligence
MR     .....     Harm     .     (no ring)
Stlth  +++++.....               (no ring)
                                (no ring)
                                (no ring)
                                (no ring)
                                (no ring)

@: repel missiles, very slow
A: almost no armour, amphibious, 8 rings, constrict 8, camouflage 1, gelatinous
body 1
a: Bend Time, Renounce Religion


You were on level 6 of the Dungeon.
You worshipped Cheibriados.
Cheibriados was pleased with you.
You were hungry.

You visited 2 branches of the dungeon, and saw 7 of its levels.

You collected 203 gold pieces.

Inventory:

Hand Weapons
 d - a +1 dagger (weapon)
Missiles
 k - 7 tomahawks (quivered)
 r - 6 javelins
 v - 2 throwing nets
Armour
 a - a +2 hat (worn)
Jewellery
 h - a +3 ring of intelligence (right tentacle)
 j - a ring of magical power (left tentacle)
Wands
 t - a wand of flame (20/48)
Scrolls
 n - a scroll of magic mapping
 q - a scroll of teleportation
 s - a scroll of fog
Potions
 e - a potion of flight
 g - a potion of resistance
 i - 3 potions of curing
 o - a potion of mutation
Books
 b - a book of Minor Magic

   Spells                             Type                      Level
   a - Magic Dart                     Conjuration                  1
   b - Blink                          Translocation                2
   c - Call Imp                       Summoning                    2
   d - Repel Missiles                 Charms/Air                   2
   e - Slow                           Hexes                        2
   f - Conjure Flame                  Conjuration/Fire             3
   g - Mephitic Cloud                 Conjuration/Poison/Air       3
 w - a book of the Tempests

   Spells                             Type                      Level
   a - Static Discharge               Conjuration/Air              3
   b - Lightning Bolt                 Conjuration/Air              5
   c - Fireball                       Conjuration/Fire             5
   d - Tornado                        Air                          9
   e - Shatter                        Earth                        9
Comestibles
 c - 4 bread rations
 f - 3 meat rations
 l - a beef jerky
 m - a chunk of flesh
 p - a slice of pizza
 u - 9 fruits


   Skills:
 - Level 1.1 Fighting
 + Level 3.6 Dodging
 + Level 6.8 Stealth
 - Level 3.0 Spellcasting
 - Level 4.0 Conjurations
   Level 1.0 Summonings
 - Level 3.2 Translocations
 - Level 3.6 Air Magic
 - Level 3.0 Poison Magic
 - Level 3.8 Invocations


You had 2 spell levels left.
You knew the following spells:

 Your Spells              Type           Power        Failure   Level  Hunger
a - Magic Dart            Conj           ####         1%          1    None
b - Blink                 Tloc           N/A          4%          2    #......
c - Mephitic Cloud        Conj/Pois/Air  ###.....     8%          3    ###....
d - Repel Missiles        Chrm/Air       ##....       8%          2    #......
e - Conjure Flame         Conj/Fire      ###.....     12%         3    ###....


Dungeon Overview and Level Annotations

Branches:
Dungeon (6/15)             Temple (1/1) D:4

Altars:
Ashenzari
Cheibriados
Dithmenos
Elyvilon
Fedhas
Gozag
Hepliaklqana
Kikubaaqudgha
Nemelex Xobeh
Ru
Sif Muna
Trog
Uskayaw
Xom
Yredelemnul

Annotations:
D:6 zkyp's ghost, novice GrFi


Innate Abilities, Weirdness & Mutations

You cannot wear most types of armour.
You are amphibious.
You can wear up to eight rings at the same time.
You can use your tentacles to constrict eight enemies at once.
Your skin changes colour to match your surroundings (Stealth+).
Your rubbery body absorbs attacks. (AC +1, EV +1)


Message History

Casting: Magic Dart
Confirm with . or Enter, or press ? or * to list all spells.
Aiming: Magic Dart
Press: ? - help, Shift-Dir - straight line, f/p - zkyp's ghost
Aim: zkyp's ghost The magic dart hits zkyp's ghost.
Zkyp's ghost hits you!
Casting: Magic Dart
Confirm with . or Enter, or press ? or * to list all spells.
Aiming: Magic Dart
Press: ? - help, Shift-Dir - straight line, f/p - zkyp's ghost
Aim: zkyp's ghost The magic dart hits zkyp's ghost.
Zkyp's ghost hits you!!
* * * LOW HITPOINT WARNING * * *
Casting: Magic Dart
Confirm with . or Enter, or press ? or * to list all spells.
Aiming: Magic Dart
Press: ? - help, Shift-Dir - straight line, f/p - zkyp's ghost
Aim: zkyp's ghost The magic dart hits zkyp's ghost.
Zkyp's ghost hits you!
You die...

#.# ##.# ##+## #..#
##...## #.## ##.....##
#.#.#####
##.......##.###.##.##
##..........## ##....#
?'......)....###....##
#.........##.#...#.#
#...W@..# ##.#.##.#
##.....## ######.#
##...## #.# ##+## #.#
.#


You could see zkyp's ghost.

Vanquished Creatures
  A sky beast (D:5)
  2 ogres
  A centaur (D:5)
  2 scorpions (D:5)
  A howler monkey (D:6)
  A crimson imp (D:6)
  An orc priest (D:3)
  A centaur skeleton (D:5)
  A hound (D:5)
  5 orc wizards
  Jessica (D:3)
  Ijyb (D:3)
  2 worker ants
  Natasha (D:4)
  10 gnolls
  8 adders
  A howler monkey skeleton (D:5)
  A shadow imp (D:5)
  2 adder skeletons (D:5)
  5 worms
  3 dart slugs
  3 giant geckos
  12 orcs
  4 ball pythons
  4 bats
  4 giant cockroaches
  6 goblins
  11 hobgoblins
  2 jackals (D:4)
  3 quokkas
  A giant gecko zombie (D:5)
  2 giant newts
  6 kobolds
  A quokka skeleton (D:5)
  7 rats
117 creatures vanquished.

Notes
Turn   | Place    | Note
-------+----------+-------------------------------------------
     0 | D:1      | Ijustatesigmund the Octopode Wizard began the quest for the Orb.
     0 | D:1      | Reached XP level 1. HP: 11/11 MP: 4/4
   239 | D:1      | Reached skill level 1 in Fighting
   239 | D:1      | Reached XP level 2. HP: 18/18 MP: 6/6
   247 | D:1      | Learned a level 2 spell: Blink
   569 | D:1      | Reached skill level 3 in Stealth
  1012 | D:1      | Reached XP level 3. HP: 23/23 MP: 7/7
  1404 | D:2      | Found an opulent altar of Gozag.
  1830 | D:2      | Reached XP level 4. HP: 28/28 MP: 8/8
  1835 | D:2      | Learned a level 3 spell: Mephitic Cloud
  1999 | D:2      | Found a blossoming altar of Fedhas.
  2009 | D:2      | Found a sacrificial altar of Ru.
  2259 | D:3      | Reached skill level 4 in Stealth
  2494 | D:3      | Reached XP level 5. HP: 28/33 MP: 9/9
  2955 | D:3      | Noticed Jessica
  2961 | D:3      | Killed Jessica
  2961 | D:3      | Reached XP level 6. HP: 38/38 MP: 10/10
  3032 | D:3      | Reached skill level 1 in Poison Magic
  3161 | D:3      | Noticed Ijyb
  3173 | D:3      | Killed Ijyb
  3434 | D:4      | Found a staircase to the Ecumenical Temple.
  3449 | Temple   | Entered the Ecumenical Temple
  3567 | Temple   | Became a worshipper of Cheibriados the Contemplative
  3826 | D:4      | Upgraded the game from 0.19-a0-1210-g5c1aa26 to 0.19-a0-1216-g363869b
  3896 | D:4      | Reached skill level 1 in Air Magic
  3906 | D:4      | Reached skill level 1 in Invocations
  4178 | D:4      | Noticed Natasha
  4213 | D:4      | Killed Natasha
  4213 | D:4      | Reached * piety under Cheibriados
  4495 | D:5      | Entered Level 5 of the Dungeon
  4723 | D:5      | Reached XP level 7. HP: 43/43 MP: 8/11
  5098 | D:5      | Reached skill level 5 in Stealth
  5318 | D:5      | Reached XP level 8. HP: 48/48 MP: 12/12
  5322 | D:5      | Learned a level 2 spell: Repel Missiles
  5326 | D:5      | Learned a level 3 spell: Conjure Flame
  5627 | D:5      | Found a shadowy altar of Dithmenos.
  5877 | D:5      | Reached ** piety under Cheibriados
  6025 | D:5      | Reached skill level 6 in Stealth
  6268 | D:6      | Noticed zkyp's ghost (novice GrFi)
  6276 | D:6      | Slain by zkyp's ghost

Vault maps used:
D:1:      minmay_arrival_hallway, minmay_misc_feat_room, hex_medium,
          minmay_pentomino_u4
D:2:      amethyst_overflow_temple_binary, first_bread,
          nicolae_gozag_seed_capital
D:3:      uniq_jessica, uniq_iyjb
D:4:      uniq_natasha
D:5:      minmay_holes, grunt_dithmenos_smoke_and_mirrors
D:6:      nicolae_qazlal_general_emergency
Temple:   minmay_temple_bridge_abc

Skill      XL: |  1  2  3  4  5  6  7  8 |
---------------+-------------------------+-----
Fighting       | 1 |  1.1
Stealth        | 3 4 5 6 |  6.8
Conjurations   | 2 3 4 |  4.0
Translocations | 2 3 |  3.2
Poison Magic   | 2 3 |  3.0
Air Magic      | 2 3 |  3.6
Invocations    | 2 3 |  3.8
Dodging        | 3 |  3.6
Spellcasting   | |  3.0
Summonings     | |  1.0

Action                   |  1- 3 |  4- 6 |  7- 9 || total
-------------------------+-------+-------+-------++-------
Melee: Unarmed           |     4 |       |       ||     4
       Constrict         |     9 |    11 |     1 ||    21
       Dagger            |    23 |    36 |    11 ||    70
       Tentacles         |     6 |     8 |     2 ||    16
Throw: Tomahawk          |       |     4 |       ||     4
 Cast: Magic Dart        |    64 |   147 |   128 ||   339
       Blink             |       |     3 |     1 ||     4
       Mephitic Cloud    |       |     4 |     6 ||    10
       Repel Missiles    |       |       |     1 ||     1
  Use: Scroll            |     9 |     4 |     2 ||    15
       Potion            |       |     2 |     2 ||     4
 Stab: Sleeping          |     7 |     5 |     2 ||    14
       Confused          |       |       |     2 ||     2
  Eat: Chunk             |     3 |     6 |     2 ||    11
       Royal jelly       |       |     1 |       ||     1
       Fruit             |       |     1 |       ||     1
Armor: Skin              |     1 |     5 |     3 ||     9
Dodge: Dodged            |     9 |    31 |    22 ||    62
       Deflected         |       |       |     1 ||     1
